 Dungeon Sprint DCSS version 0.20-a0-1018-ge435b50 (webtiles) character file.

853 Krakonus1 the Peltast (level 7, -5/52 HPs)
             Began as a Grey Draconian Transmuter on Apr 18, 2017.
             Was a Follower of Sif Muna.
             Slain by a death cob (13 damage)
             ... in the Dungeon (Sprint V: "Ziggurat Sprint").
             The game lasted 00:10:28 (544 turns).

Krakonus1 the Peltast (Grey Draconian Transmuter)    Turns: 544, Time: 00:10:30

Health: -5/52      AC: 16    Str: 18    XL:     7   Next: 70%
Magic:  10/10      EV:  7    Int: 13    God:    Sif Muna [*.....]
Gold:   0          SH: 32    Dex: 13    Spells: 7/10 levels left

rFire    + . .     SeeInvis .   V - +8 lance "Wyrmbane" {slay drac, rPois rF+ rC+ AC+3}
rCold    + . .     Gourm    .   W - +18 shield of the Gong {rElec rN+ MR+ EV-5}
rNeg     + . .     Faith    .   (armour unavailable)
rPois    +         Spirit   .   (helmet restricted)
rElec    +         Reflect  .   (no cloak)
rCorr    .         Harm     .   S - +1 pair of gloves {archery}
MR       +....     NoTele   +   (no boots)
Stlth    +.........             (no amulet)
Regen    0.2/turn               (no ring)
MPRegen  0.2/turn               (no ring)

@: mighty, very slightly contaminated, slowed, invisible, very slow
A: walk through water, unfitting armour, unbreathing, cold-blooded, AC +11
a: Divine Energy, Renounce Religion


You were in the Dungeon.
You worshipped Sif Muna.
Sif Muna was aware of your devotion.
You were not hungry.

You visited 1 branch

Inventory:

Hand Weapons
 V - the +8 lance "Wyrmbane" (weapon) {slay drac, rPois rF+ rC+ AC+3}
   (You found it in the Dungeon)

   It affects your AC (+3).
   It protects you from fire.
   It protects you from cold.
   It protects you from poison.
Missiles
 a - 1012 arrows
Armour
 S - a +1 pair of gloves of archery (worn)
 W - the +18 shield of the Gong (worn) {rElec rN+ MR+ EV-5}
   (You found it in the Dungeon)

   It affects your evasion (-5).
   It insulates you from electricity.
   It protects you from negative energy.
   It affects your resistance to hostile enchantments.
Magical Staves
 I - an uncursed staff of energy
Jewellery
 s - an uncursed ring of poison resistance
 y - a +6 ring of dexterity
 z - a +6 ring of dexterity
 A - a +6 ring of intelligence
 B - a +6 ring of intelligence
 C - a +6 ring of strength
 D - a +6 ring of strength
 K - an uncursed ring of flight
 N - a cursed ring of stealth
Wands
 E - a wand of disintegration (7/24)
 F - a wand of iceblast (5/15)
 G - a wand of lightning (5/15)
 H - a wand of acid (5/15)
Scrolls
 i - 3 scrolls of blinking
 p - 4 scrolls of amnesia
 q - 3 scrolls of recharging
 r - 7 scrolls of fog
 t - 5 scrolls of identify
 u - 5 scrolls of remove curse
 v - a scroll of fear
 O - 4 scrolls of enchant weapon
Potions
 d - 10 potions of curing
 e - 4 potions of heal wounds
 f - 6 potions of haste
 g - 7 potions of magic
 h - 2 potions of berserk rage
 j - 2 potions of brilliance
 k - a potion of invisibility
 l - 4 potions of resistance
 n - 5 potions of agility
 o - 2 potions of might
Books
 b - a book of Changes

   Spells                             Type                      Level
   a - Beastly Appendage              Transmutation                1
   b - Sticks to Snakes               Transmutation                2
   c - Spider Form                    Transmutation/Poison         3
   d - Ice Form                       Ice/Transmutation            4
   e - Blade Hands                    Transmutation                5
 m - a book of Flames

   Spells                             Type                      Level
   a - Flame Tongue                   Conjuration/Fire             1
   b - Throw Flame                    Conjuration/Fire             2
   c - Conjure Flame                  Conjuration/Fire             3
   d - Inner Flame                    Hexes/Fire                   3
   e - Sticky Flame                   Conjuration/Fire             4
   f - Fireball                       Conjuration/Fire             5
 P - a book of Ice

   Spells                             Type                      Level
   a - Ice Form                       Ice/Transmutation            4
   b - Metabolic Englaciation         Hexes/Ice                    5
   c - Ozocubu's Refrigeration        Ice                          6
   d - Bolt of Cold                   Conjuration/Ice              6
   e - Freezing Cloud                 Conjuration/Ice/Air          6
   f - Simulacrum                     Ice/Necromancy               6
 Q - the Handbook of Venom and Sinister Rituals
   (You found it in the Dungeon)

   Spells                             Type                      Level
   a - Animate Skeleton               Necromancy                   1
   b - Corpse Rot                     Necromancy                   2
   c - Poisonous Vapours              Poison/Air                   2
   d - Vampiric Draining              Necromancy                   3
   e - Bolt of Draining               Conjuration/Necromancy       5
   f - Death Channel                  Necromancy                   6
Miscellaneous
 J - a crystal ball of energy
 L - a lightning rod (4/4)
 R - a lamp of fire
Comestibles
 c - 5 bread rations
 w - 42 fruits
 x - 4 meat rations


   Skills:
 - Level 1.1 Fighting
 + Level 1.8 Dodging
 - Level 15.9 Shields
 - Level 3.0 Unarmed Combat
 + Level 2.0 Spellcasting
 * Level 2.3 Transmutations


You had 7 spell levels left.
You knew the following spells:

 Your Spells              Type           Power        Failure   Level  Hunger
a - Beastly Appendage     Tmut           #.....       12%         1    ##.....
b - Sticks to Snakes      Tmut           #.......     17%         2    ###....


Dungeon Overview and Level Annotations

Branches:
Dungeon (1/1)

Altars:
Ashenzari
Cheibriados
Dithmenos
Elyvilon
Fedhas
Gozag
Hepliaklqana
Kikubaaqudgha
Makhleb
Nemelex Xobeh
Okawaru
Qazlal
Ru
Sif Muna
Trog
Uskayaw
Vehumet
Wu Jian
Xom
Yredelemnul
Zin
The Shining One
Beogh
Jiyva
Lugonu


Innate Abilities, Weirdness & Mutations

You can walk through water.
Your dull iron-grey scales are very hard. (AC +11)
You cannot fit into any form of body armour.
You can survive without breathing.
You are cold-blooded and may be slowed by cold attacks.


Message History

You block the death cob's attack.
PANG!
You block the death cob's attack.
PTOANNNG!
The draconian barely misses you. The death cob misses you.
You barely miss the death cob. You block the death cob's attack.
GONNNNG!
You block the death cob's attack.
GONNNNG!
The death cob barely misses you. The draconian closely misses you.
The death cob hits you. The death cob drains your vigour!
You feel as though you will be slow longer.
You miss the death cob. You block the death cob's attack.
BONNNG!
You block the death cob's attack.
BONNNG!
The death cob hits you!!
* * * LOW HITPOINT WARNING * * *
The death cob hits you!
You die...

▓.....▓.....▓▓▓▓▓▓▓
▓▓▓▓▓▓▓▓▓▓▓▓▓▓▓▓▓▓
..8©8...▓..8©8...▓
..).)...▓..=")...▓
........▓..=.=...▓
........▓........▓
........▓.......d▓
.▓....▓.▓.▓...d▓d▓
........▓.....dz@▓
▓▓▓▓▓▓▓▓▓▓▓▓▓▓▓▓▓▓


You could see a death cob and 4 draconians.

Vanquished Creatures
  A slime creature (D)
  2 fire elementals (D)
  A golden eye (D)
  A naga (D)
  A hell hound (D)
  An adder (D)
  3 white imps (D)
  A ball python (D)
  A giant cockroach zombie (D)
  A fire vortex (D)
13 creatures vanquished.

Notes
Turn   | Place    | Note
-------+----------+-------------------------------------------
     0 | D        | Krakonus1 the Draconian Transmuter began the quest for the Orb.
     0 | D        | Reached XP level 1. HP: 16/16 MP: 3/3
     0 | D        | Found a deep blue altar of Sif Muna.
     0 | D        | Found a sacrificial altar of Ru.
     0 | D        | Found a bloodstained altar of Trog.
     0 | D        | Found a stormy altar of Qazlal.
     0 | D        | Found an iron altar of Okawaru.
     0 | D        | Found a sparkling altar of Nemelex Xobeh.
     0 | D        | Found a blossoming altar of Fedhas.
     2 | D        | Found an ancient bone altar of Kikubaaqudgha.
     2 | D        | Found a viscous altar of Jiyva.
     2 | D        | Found a corrupted altar of Lugonu.
     2 | D        | Found a hazy altar of Hepliaklqana.
     2 | D        | Found a burning altar of Makhleb.
     2 | D        | Found an opulent altar of Gozag.
    50 | D        | Became a worshipper of Sif Muna the Loreminder
   122 | D        | Reached skill level 7 in Shields
   122 | D        | Reached XP level 2. HP: 23/23 MP: 5/5
   138 | D        | Learned a level 2 spell: Sticks to Snakes
   173 | D        | Entered arena 1.
   173 | D        | Noticed a golden eye
   173 | D        | Noticed a slime creature
   185 | D        | Killed a slime creature
   185 | D        | Reached skill level 11 in Shields
   185 | D        | Reached XP level 3. HP: 28/28 MP: 6/6
   185 | D        | Reached XP level 4. HP: 35/35 MP: 7/7
   185 | D        | Reached XP level 5. HP: 40/40 MP: 8/8
   195 | D        | Killed a golden eye
   195 | D        | Reached skill level 13 in Shields
   195 | D        | Reached XP level 6. HP: 47/47 MP: 9/9
   245 | D        | Entered arena 2.
   245 | D        | Noticed a naga
   255 | D        | Killed a naga
   255 | D        | Reached skill level 14 in Shields
   393 | D        | Entered arena 3.
   393 | D        | Noticed a hell hound
   393 | D        | Noticed a fire elemental
   393 | D        | Noticed a fire elemental
   395 | D        | Killed a hell hound
   395 | D        | Your scales start taking on a dull iron-grey colour.
   395 | D        | Reached XP level 7. HP: 52/52 MP: 7/10
   395 | D        | Gained mutation: You can survive without breathing. [Grey Draconian growth]
   402 | D        | Killed a fire elemental
   402 | D        | Reached skill level 15 in Shields
   406 | D        | Killed a fire elemental
   406 | D        | Reached * piety under Sif Muna
   423 | D        | Identified the Handbook of Venom and Sinister Rituals (You found it in the Dungeon)
   425 | D        | Entered arena 4.
   529 | D        | Entered arena 5.
   529 | D        | Noticed a draconian
   529 | D        | Noticed a draconian
   529 | D        | Noticed a draconian
   529 | D        | Noticed a draconian
   529 | D        | Noticed a death cob
   544 | D        | Slain by a death cob

Vault maps used:
D:        sprint_v

Skill      XL: |  1  2  3  4  5  6  7 |
---------------+----------------------+-----
Shields        | 7 11 13 14 15 | 15.9
Fighting       | |  1.1
Dodging        | |  1.8
Unarmed Combat | |  3.0
Spellcasting   | |  2.0
Transmutations | |  2.3

Action                   |  1- 3 |  4- 6 |  7- 9 || total
-------------------------+-------+-------+-------++-------
Melee: Lance             |     7 |    13 |    35 ||    55
       Tailslap          |     2 |     1 |     4 ||     7
       Kick              |     1 |       |       ||     1
       Headbutt          |       |     1 |     3 ||     4
 Cast: Beastly Appendage |     4 |     7 |     1 ||    12
  Use: Potion            |     5 |       |     7 ||    12
       Scroll            |       |     1 |     2 ||     3
Armor: Skin              |     2 |     5 |    15 ||    22
Dodge: Dodged            |       |     2 |    12 ||    14
Block: Shield            |     6 |    24 |    78 ||   108
